 Dungeon Crawl Stone Soup version 0.30-a0-137-gd8773701ce (webtiles) character file.

Game seed: 13133586824327400008

23478 Bnni the Basher (level 12, 0/103 HPs)
             Began as a Demonspawn Fighter on Sept 22, 2022.
             Was a High Priest of Okawaru.
             Slain by a hornet (2 damage)
             ... on level 12 of the Dungeon.
             The game lasted 00:30:49 (10746 turns).

Bnni the Basher (Demonspawn Fighter)               Turns: 10746, Time: 00:30:49

Health: 0/103      AC: 20    Str: 20    XL:     12   Next: 72%
Magic:  21/21      EV: 10    Int: 12    God:    Okawaru [*****.]
Gold:   596        SH:  6    Dex: 18    Spells: 11/11 levels left

rFire   + + .      SeeInvis +    A - +3 morningstar (freeze)
rCold   . . .      Faith    .    b - +0 buckler
rNeg    . . .      Spirit   .    i - +0 plate armour
rPois   .          Reflect  .    L - +1 hat of Sietoot {rElec rF- MP+9 Dex+6}
rElec   +          Harm     .    p - +0 cloak
rCorr   +          Rampage  .    U - +2 pair of gloves of Sutod {rF++ SInv}
Will    .....                    H - +0 pair of boots
Stlth   ..........               l - amulet of regeneration
HPRegen 1.07/turn                Q - ring of resist corrosion
MPRegen 0.17/turn                t - ring of protection from fire

@: agile, lethally poisoned (0 -> -4), slowed, invisible, very slow
A: powered by death 2, powered by pain 1, sharp scales 1, weakness stinger 1
a: Renounce Religion, Heroism, Finesse, Duel


You were on level 12 of the Dungeon.
You worshipped Okawaru.
Okawaru was extremely pleased with you.
You visited 2 branches of the dungeon, and saw 13 of its levels.

You collected 596 gold pieces.

Inventory:

Hand Weapons
 y - a +4 spear of venom
 A - a +3 morningstar of freezing (weapon)
 B - a +2 whip of flaming
Missiles
 a - 7 poisoned darts (quivered)
 x - 2 curare-tipped darts
 R - 2 silver javelins
Armour
 b - a +0 buckler (worn)
 c - a +0 helmet
 i - a +0 plate armour (worn)
 p - a +0 cloak (worn)
 H - a +0 pair of boots (worn)
 L - the +1 hat of Sietoot (worn) {rElec rF- MP+9 Dex+6}
   (You found it on level 11 of the Dungeon)

   Dex:       It affects your dexterity (+6).
   rF:        It makes you vulnerable to fire.
   rElec:     It insulates you from electricity.
   MP:        It affects your magic capacity (+9).
 N - +0 swamp dragon scales
 U - the +2 pair of gloves of Sutod (worn) {rF++ SInv}
   (Okawaru gifted it to you on level 11 of the Dungeon)

   rF:        It greatly protects you from fire.
   SInv:      It lets you see invisible.
Jewellery
 l - an amulet of regeneration (around neck)
 t - a ring of protection from fire (right hand)
 z - a ring of ice
 E - a ring of flight
 I - an amulet of reflection
 Q - a ring of resist corrosion (left hand)
Wands
 G - a wand of digging (7)
 J - a wand of light (9)
 O - a wand of flame (15)
Scrolls
 g - a scroll of blinking {unknown}
 h - 2 scrolls of amnesia {unknown}
 m - 3 scrolls of noise {unknown}
 n - 3 scrolls of vulnerability
 o - 8 scrolls of teleportation
 q - a scroll of immolation
 s - a scroll of enchant armour {unknown}
 u - a scroll of summoning {unknown}
 w - 3 scrolls of enchant weapon {unknown}
 F - 3 scrolls of fear {unknown}
 M - 2 scrolls of butterflies {unknown}
 V - a scroll of torment {unknown}
 W - a scroll of identify
Potions
 d - 3 potions of might
 e - 5 potions of brilliance
 f - 2 potions of flight
 j - 2 potions of attraction
 k - a potion of curing
 r - a potion of heal wounds
 v - 2 potions of berserk rage
 D - 3 potions of haste
 K - a potion of ambrosia
 P - a potion of mutation {unknown}
 S - a potion of magic {unknown}
 T - 3 potions of lignification


   Skills:
 + Level 12.5 Fighting
 * Level 14.9 Maces & Flails
 + Level 5.6 Armour
 + Level 5.5 Shields


You had 11 spell levels left.
You didn't know any spells.
Your spell library contained the following spells:

 Spells                   Type           Power      Damage    Failure   Level
 Ensorcelled Hibernation  Hex/Ice        0%         N/A       100%        2
 Passwall                 Tmut/Erth      0%         N/A       100%        2
 Gell's Gravitas          Tloc           0%         N/A       100%        3
 Lesser Beckoning         Tloc           0%         N/A       100%        3
 Portal Projectile        Hex/Tloc       0%         N/A       100%        3
 Swiftness                Air            0%         N/A       100%        3
 Teleport Other           Tloc           0%         N/A       100%        3
 Hailstorm                Conj/Ice       0%         3d3       100%        4
 Ice Form                 Ice/Tmut       0%         N/A       100%        4
 Leda's Liquefaction      Hex/Erth       0%         N/A       100%        4
 Petrify                  Tmut/Erth      0%         N/A       100%        4
 Blade Hands              Tmut           0%         N/A       100%        5
 Metabolic Englaciation   Hex/Ice        0%         N/A       100%        5
 Iron Shot                Conj/Erth      0%         9d1       100%        6
 Statue Form              Tmut/Erth      0%         N/A       100%        6
 Call Canine Familiar     Summ           Unusable   N/A       N/A         3
 Animate Armour           Summ/Erth      Unusable   N/A       N/A         4
 Simulacrum               Ice/Necr       Unusable   N/A       N/A         6

Dungeon Overview and Level Annotations

Branches:
Dungeon (12/15)            Temple (1/1) D:7            Lair (0/5) D:10
    Orc (0/2) D:11

Altars:
Ashenzari
Cheibriados
Dithmenos
Fedhas
Gozag
Hepliaklqana
Kikubaaqudgha
Makhleb
Nemelex Xobeh
Okawaru
Qazlal
Ru
Sif Muna
Trog
Uskayaw
Vehumet
Wu Jian
Xom
Yredelemnul

Shops:
D:6 :

Annotations:
D:12 1 transporter, Waloeg's ghost, journeyman FeMo


Innate Abilities, Weirdness & Mutations

You regenerate health from kills.
You sometimes gain a little power by taking damage.
You are partially covered in razor-sharp scales. (AC +1, Slay +1)
You have a small tail.


Message History

You hear an angry buzzing noise.
Waloeg's ghost hits you!!
Press: ? - help, v - describe, . - travel
Here: Waloeg's ghost The floor.
You hit Waloeg's ghost but do no damage.
Your tail-slap misses Waloeg's ghost.
Waloeg's ghost hits you!!
You focus on the pain.
You feel agile all of a sudden.
You puncture Waloeg's ghost! You freeze Waloeg's ghost.
Your tail-slap misses Waloeg's ghost.
Waloeg's ghost is moderately damaged.
Waloeg's ghost barely misses you.
You completely miss Waloeg's ghost.
Waloeg's ghost is moderately damaged.
The hornet stings you.
You are poisoned.
You feel yourself slow down.
Waloeg's ghost says, "I break bones and crack skulls... with my bare hands."
Waloeg's ghost hits you but does no damage.
You fade into invisibility!
You feel very sick. The hornet stings you.
You feel as though you will be slow longer.
You block the killer bee's attack. Waloeg's ghost hits you!!
* * * LOW HITPOINT WARNING * * *
You focus on the pain.
You feel more agile all of a sudden. The hornet closely misses you.
The hornet buzzes angrily.
You feel better.
The hornet buzzes angrily.
The killer bee buzzes angrily.
The hornet barely misses you. The killer bee stings you.
You are poisoned.
The killer bee poisons you! The killer bee stings you.
* * * LOW HITPOINT WARNING * * *
Waloeg's ghost hits you!!
* * * LOW HITPOINT WARNING * * *
The hornet stings you.
You die...

#..#####?!yyy#####.........
#.###...#..)#yy.###........
.######.##..#..###yy#.y##...>....
<.......###...#.. #...###........
.#####...#####..# .#####.........
##.###..!#.. #...###........
#.##..#.y###y.#..##........
#.###...#yWy#.#.###........
#..#####..@y.#####.........
##..#############..........
##.....(.©................
###.####..######......... #.#
##.# #†#######. .# #.# #.######.#
#. .# #.# #........# #. .# #.#
#.######.# #. .# #.# #.# #.# #.


You could see 2 hornets, 3 killer bees and Waloeg's ghost.

Vanquished Creatures
  Gastronok (D:8)
  Josephine (D:11)
  A boulder beetle (D:12)
  2 two-headed ogres
  The ghost of Zero the Thaumaturge, a journeyman DECj of Vehumet (D:10)
  3 death yaks (D:10)
  Urug (D:11)
  Nergalle (D:12)
  The ghost of Olga the Grappler, a journeyman VSFE of Ru (D:11)
  An orc knight (D:10)
  Pikel (D:6)
  An ugly thing (D:12)
  A cyclops (D:11)
  A manticore (D:12)
  Maggie (D:8)
  Psyche (D:8)
  An unseen horror (D:10)
  A kobold demonologist (D:11)
  4 gargoyles
  6 trolls
  2 hornets
  Grinder (D:6)
  2 slime creatures (D:12)
  Sigmund (D:2)
  3 shadows
  2 vampires (D:10)
  5 spriggans (D:11)
  3 wraiths (D:11)
  19 yaks
  2 steam dragons
  Menkaure (D:7)
  A water moccasin (D:6)
  A black bear (D:8)
  2 orc warriors (D:11)
  5 ice beasts
  A sky beast (D:4)
  5 centaurs
  A wolf (D:11)
  2 kobold brigands
  A bullfrog (D:7)
  3 necrophages
  A gnoll sergeant (D:9)
  A scorpion (D:5)
  13 wights
  11 killer bees
  4 howler monkeys (D:8)
  A jelly (D:7)
  6 orc priests
  2 hounds
  Crazy Yiuf (D:6)
  A gnoll bouda (D:9)
  4 iguanas
  4 orc wizards
  18 gnolls
  12 adders
  2 ufetubi
  A worm (D:4)
  4 dart slugs
  51 orcs
  8 bats
  6 endoplasms
  3 giant cockroaches
  9 goblins
  5 hobgoblins
  4 jackals (D:3)
  3 quokkas
  8 ball pythons
  2 frilled lizards
  16 kobolds
  26 rats
321 creatures vanquished.

Vanquished Creatures (others)
  An orc wizard (D:7)
  A fungus (D:6)
  5 plants (D:11)
7 creatures vanquished.

Grand Total: 328 creatures vanquished

Notes
Turn   | Place    | Note
-------+----------+-------------------------------------------
     0 | D:1      | Bnni the Demonspawn Fighter began the quest for the Orb.
     0 | D:1      | Reached XP level 1. HP: 18/18 MP: 1/1
   100 | D:1      | Reached skill level 2 in Maces & Flails
   313 | D:1      | Gained mutation: You are partially covered in razor-sharp
                  | scales. (AC +1, Slay +1) [demonic ancestry]
   313 | D:1      | Reached XP level 2. HP: 24/24 MP: 2/2
   718 | D:1      | Found a faded altar of an unknown god.
  1116 | D:2      | Reached XP level 3. HP: 24/29 MP: 3/3
  1379 | D:2      | Reached skill level 3 in Maces & Flails
  1626 | D:2      | Gained mutation: You regenerate a little health from kills.
                  | [demonic ancestry]
  1626 | D:2      | Reached XP level 4. HP: 26/37 MP: 4/4
  2101 | D:2      | Reached skill level 4 in Maces & Flails
  2106 | D:2      | Reached XP level 5. HP: 25/42 MP: 5/5
  2270 | D:2      | Noticed Sigmund
  2294 | D:2      | Killed Sigmund
  2295 | D:2      | Gained mutation: You regenerate health from kills. [demonic
                  | ancestry]
  2295 | D:2      | Reached XP level 6. HP: 49/49 MP: 6/6
  2380 | D:3      | Found a snail-covered altar of Cheibriados.
  2404 | D:3      | Reached skill level 5 in Maces & Flails
  3024 | D:4      | Noticed a sky beast
  3040 | D:4      | Killed a sky beast
  3041 | D:4      | Reached skill level 5 in Fighting
  3283 | D:4      | Reached XP level 7. HP: 56/56 MP: 7/7
  3342 | D:4      | Found a blossoming altar of Fedhas.
  3680 | D:5      | Entered Level 5 of the Dungeon
  3702 | D:5      | Reached skill level 6 in Maces & Flails
  3924 | D:5      | Found an ornate altar of the Wu Jian Council.
  4176 | D:5      | Reached skill level 7 in Maces & Flails
  4297 | D:5      | Reached XP level 8. HP: 54/64 MP: 8/8
  4666 | D:6      | Found a basalt altar of Yredelemnul.
  4679 | D:6      | Noticed Pikel
  4697 | D:6      | Killed Pikel
  4698 | D:6      | Reached skill level 8 in Maces & Flails
  4769 | D:6      | Noticed Grinder
  4857 | D:6      | Killed Grinder
  4858 | D:6      | Reached skill level 9 in Maces & Flails
  4858 | D:6      | Gained mutation: You have a small tail. [demonic ancestry]
  4858 | D:6      | Reached XP level 9. HP: 41/72 MP: 9/9
  5423 | D:6      | Found Hucy's Tremendous Tomes.
  5622 | D:6      | Found a runed translucent door.
  5623 | D:6      | Noticed Crazy Yiuf
  5632 | D:6      | Killed Crazy Yiuf
  5781 | D:7      | Found a staircase to the Ecumenical Temple.
  5922 | D:7      | Noticed Menkaure
  5958 | D:7      | Killed Menkaure
  5959 | D:7      | Reached skill level 10 in Maces & Flails
  6525 | D:8      | Noticed Psyche
  6533 | D:8      | Killed Psyche
  6565 | D:8      | Noticed Gastronok
  6572 | D:8      | Noticed Maggie
  6634 | D:7      | Reached skill level 11 in Maces & Flails
  6634 | D:7      | Gained mutation: You sometimes gain a little power by
                  | taking damage. [demonic ancestry]
  6634 | D:7      | Reached XP level 10. HP: 61/82 MP: 10/10
  6989 | Temple   | Entered the Ecumenical Temple
  7130 | Temple   | Became a worshipper of Warmaster Okawaru
  7164 | D:8      | Killed Gastronok
  7164 | D:8      | Reached * piety under Okawaru
  7165 | D:8      | Reached skill level 12 in Maces & Flails
  7261 | D:8      | Killed Maggie
  7261 | D:8      | Reached ** piety under Okawaru
  7559 | D:9      | Noticed a two-headed ogre
  7571 | D:8      | Reached skill level 10 in Fighting
  7608 | D:9      | Killed a two-headed ogre
  7650 | D:9      | Reached XP level 11. HP: 69/92 MP: 11/11
  7709 | D:9      | Reached *** piety under Okawaru
  8003 | D:9      | Reached skill level 13 in Maces & Flails
  8162 | D:10     | Entered Level 10 of the Dungeon
  8287 | D:10     | Noticed an orc knight
  8287 | D:10     | Noticed a two-headed ogre
  8288 | D:10     | Noticed Zero's ghost (journeyman DECj)
  8290 | D:10     | Found a runed translucent gate.
  8290 | D:10     | Found a runed translucent gate.
  8291 | D:10     | Found a runed translucent gate.
  8318 | D:10     | Found an ancient bone altar of Kikubaaqudgha.
  8413 | D:10     | Noticed a death yak
  8422 | D:10     | Noticed a death yak
  8424 | D:10     | Noticed a death yak
  8426 | D:10     | Killed a death yak
  8434 | D:10     | Killed a death yak
  8434 | D:10     | Reached **** piety under Okawaru
  8438 | D:10     | Killed a death yak
  8459 | D:10     | Found a staircase to the Lair.
  8573 | D:10     | Reached ***** piety under Okawaru
  8593 | D:10     | Received a gift from Okawaru
  8594 | D:10     | Reached skill level 14 in Maces & Flails
  8682 | D:10     | Found a stormy altar of Qazlal.
  8833 | D:10     | Killed Zero's ghost
  8841 | D:10     | Killed an orc knight
  8841 | D:10     | Received a gift from Okawaru
  8854 | D:10     | Killed a two-headed ogre
  8872 | D:10     | Identified the +0 scale mail "Unluffed" {Str+2}
  9003 | D:11     | Reached XP level 12. HP: 102/102 MP: 12/12
  9014 | D:11     | Noticed Urug
  9033 | D:11     | Killed Urug
  9112 | D:11     | Noticed Josephine
  9126 | D:11     | Identified the +2 pair of gloves of Sutod {rF++ SInv}
                  | (Okawaru gifted it to you on level 11 of the Dungeon)
  9126 | D:11     | Received a gift from Okawaru
  9138 | D:11     | Killed Josephine
  9188 | D:11     | Found a runed translucent door.
  9309 | D:11     | Found a staircase to the Orcish Mines.
  9643 | D:11     | Noticed Olga's ghost (journeyman VSFE)
  9655 | D:11     | Identified the +7 trident "Bano" {flame, Dex+4}
  9777 | D:11     | Identified the +1 hat of Sietoot {rElec rF- MP+9 Dex+6}
  9915 | D:11     | Killed Olga's ghost
  9926 | D:11     | Reached skill level 5 in Armour
 10024 | D:12     | Noticed a boulder beetle
 10045 | D:12     | Killed a boulder beetle
 10046 | D:12     | Reached skill level 5 in Shields
 10138 | D:12     | Noticed Waloeg's ghost (journeyman FeMo)
 10146 | D:12     | Found a transporter.
 10251 | D:12     | Noticed Nergalle
 10261 | D:12     | Killed Nergalle
 10737 | D:12     | Found a transporter.
 10746 | D:12     | HP: 2/103 [Waloeg's ghost (27)]
 10746 | D:12     | Slain by a hornet

Illustrated notes

Levels and vault maps discovered:
D:1:      minmay_arrival_doors, layout_basic, dilly_ecumenical_altar_fadedgnrine
D:2:      minmay_angry_zag, layout_basic, uniq_sigmund
D:3:      layout_basic, mainiacjoe_overflow_small_starburst, tso_metal_star,
          grunt_ministairs_13, minmay_rat_hole
D:4:      layout_gridville, fedhas_altar_4
D:5:      layout_rooms, nicolae_wu_jian_wuxing_cycle
D:6:      layout_basic, mainiacjoe_overflow_paths, kennysheep_decorative_pillar,
          nicolae_shop_i_like_big_books, uniq_pikel, uniq_grinder,
          uniq_crazy_yiuf_cottage
D:7:      layout_basic, minmay_temple_entry_from_below_a,
          chequers_serial_rivers_large_b, uniq_menkaure
D:8:      layout_rooms, uniq_maggie, uniq_psyche, uniq_gastronok
D:9:      layout_rooms, amcnicky_mini_rare_corridor_liquid
D:10:     layout_long_grid, nicolae_qazlal_eye_of_the_storm, lemuel_tele_altar,
          dpeg_lair_monsters, gammafunk_ghost_split,
          hangedman_decor_clover_reticule
D:11:     layout_loops_ring, hiddenorc2_lemuel, ebering_ghost_funeral_grove,
          the_hattery, uniq_josephine, uniq_urug
D:12:     layout_small_grid, gammafunk_ghost_hive, uniq_nergalle
Temple:   regret_index_temple_waves

Skill      XL: |  1  2  3  4  5  6  7  8  9 10 11 12 |
---------------+-------------------------------------+-----
Maces & Flails | 2 3 4 5 7 9 11 12 14 | 14.9
Fighting       | 4 5 6 7 8 10 11 12 | 12.5
Armour         | 3 5 |  5.6
Shields        | 3 5 |  5.5

Action                   |  1- 3 |  4- 6 |  7- 9 | 10-12 || total
-------------------------+-------+-------+-------+-------++-------
Melee: Flail             |    99 |   247 |   118 |       ||   464
       Whip              |       |       |   166 |       ||   166
       Mace              |       |       |    12 |       ||    12
       Dire flail        |       |       |    49 |    66 ||   115
       Tailslap          |       |       |    31 |    76 ||   107
       Morningstar       |       |       |       |   428 ||   428
Throw: Dart              |       |       |     6 |    18 ||    24
       Throwing net      |       |       |     2 |       ||     2
  Use: Scroll            |       |       |    10 |     1 ||    11
       Potion            |       |       |       |     4 ||     4
 Stab: Held in net/web   |       |       |     3 |       ||     3
Armor: Scale mail        |    22 |       |       |       ||    22
       Plate armour      |    77 |   195 |   157 |   224 ||   653
Dodge: Dodged            |    34 |    49 |    61 |    84 ||   228
Block: Buckler           |    21 |    54 |    42 |    66 ||   183
       Other             |       |       |    16 |    10 ||    26

Table legend: (Time is in decaauts)
 A = Elapsed time spent in this place.
 B = Non-inter-level travel time spent in this place.
 C = Inter-level travel time spent in this place.
 D = Time resting spent in this place.
 E = Time spent auto-exploring this place.
 F = Levels seen in this place.
 G = Mean time per level.
                   A        B        C        D        E       F      G
               +--------+--------+--------+--------+--------+-----+--------+
         Total |  10697 |  10194 |    503 |    550 |   7249 |  13 |  822.8 |
       Dungeon |  10548 |  10051 |    497 |    550 |   7138 |  12 |  879.0 |
        Temple |    148 |    142 |      6 |      0 |    111 |   1 |  148.0 |
               +--------+--------+--------+--------+--------+-----+--------+

Top non-repeatable levels by time:
     D:1: 1344 daAuts
     D:6: 1328 daAuts
     D:2: 1091 daAuts
    D:11: 1064 daAuts
     D:7: 1005 daAuts
    D:12: 735 daAuts
    D:10: 727 daAuts
     D:5: 691 daAuts
     D:4: 666 daAuts
     D:3: 664 daAuts
     D:8: 659 daAuts
     D:9: 571 daAuts
  Temple: 148 daAuts
